 Dungeon Crawl Stone Soup version 0.23.1 (webtiles) character file.

Game seed: 0

6161 Irenicus the Geomancer (level 10, 0/75 HPs)
             Began as a Deep Dwarf Earth Elementalist on Mar 19, 2019.
             Was a High Priest of Makhleb.
             Slain by a five-headed hydra (2 damage)
             ... on level 9 of the Dungeon.
             The game lasted 00:41:13 (4748 turns).

Irenicus the Geomancer (DDEE)                       Turns: 4748, Time: 00:41:15

Health: 0/75       AC: 10    Str: 11    XL:     10   Next: 60%
Magic:  1/17       EV: 11    Int: 23    God:    Makhleb [*****.]
Gold:   440        SH:  0    Dex: 13    Spells: 4/19 levels left

rFire    . . .     SeeInvis .   b - +8 whip of Impatience {slash, Stlth+}
rCold    + . .     Gourm    .   (no shield)
rNeg     . . .     Faith    .   s - +2 ring mail {rC+}
rPois    +         Spirit   .   l - +0 helmet
rElec    .         Reflect  .   (no cloak)
rCorr    .         Harm     .   c - +0 pair of gloves
MR       +....                  (no boots)
Stlth    ++++......             (no amulet)
HPRegen  0.00/turn              o - ring of poison resistance {rPois, !d}
MPRegen  0.15/turn              g - +3 ring of intelligence

@: non-regenerating
A: damage resistance, heal wounds, sense surroundings 2, no regeneration
a: Heal Wounds, Minor Destruction, Lesser Servant of Makhleb, Major Destruction,
Greater Servant of Makhleb, Renounce Religion


You were on level 9 of the Dungeon.
You worshipped Makhleb.
Makhleb was extremely pleased with you.
You were hungry.

You visited 1 branch of the dungeon, and saw 9 of its levels.

You collected 440 gold pieces.

Inventory:

Hand Weapons
 a - a +0 dagger
   (You took it off a goblin on level 1 of the Dungeon)
 b - the +8 whip of Impatience (weapon) {slash, Stlth+}
   (You took it off a big kobold on level 9 of the Dungeon)

   It inflicts extra damage upon your enemies.
   It makes you more stealthy.
 e - a +1 spear of venom
   (You found it on level 1 of the Dungeon)
Missiles
 D - 3 stones (quivered)
 E - 6 curare-tipped needles
Armour
 c - a +0 pair of gloves (worn)
   (You found it on level 2 of the Dungeon)
 l - a +0 helmet (worn)
   (You took it off Robin on level 3 of the Dungeon)
 s - a +2 ring mail of cold resistance (worn)
   (You took it off Terence on level 2 of the Dungeon)
Jewellery
 g - a +3 ring of intelligence (right hand)
   (You found it on level 3 of the Dungeon)
 o - a ring of poison resistance (left hand) {rPois, !d}
   (You found it on level 2 of the Dungeon)
Wands
 p - a wand of digging (9)
   (You found it on level 4 of the Dungeon)
 y - a wand of iceblast (12)
   (You found it on level 5 of the Dungeon)
Scrolls
 f - 4 scrolls of magic mapping {!r}
 h - 5 scrolls of remove curse
 n - 3 scrolls of teleportation
 q - 2 scrolls of fear {unknown}
 t - 6 scrolls of identify
 v - a scroll of enchant armour {unknown}
 w - a scroll of noise {unknown}
 B - a scroll of brand weapon {unknown}
 C - a scroll of immolation {unknown}
Potions
 i - 4 potions of agility
 j - 2 potions of lignification {!q}
 k - 2 potions of haste
 m - 3 potions of resistance
 r - a potion of cancellation
 u - 6 potions of curing
 x - a potion of brilliance
 z - a potion of flight {unknown}
 A - a potion of mutation {unknown}
Comestibles
 d - 9 rations


   Skills:
 - Level 5.2 Short Blades
 - Level 4.0 Armour
 - Level 2.1 Dodging
 - Level 7.0 Stealth
 - Level 5.0 Spellcasting
 + Level 6.1 Conjurations
 - Level 0.8 Transmutations
 - Level 13.4 Earth Magic


You had 4 spell levels left.
You knew the following spells:

 Your Spells              Type           Power        Failure   Level  Hunger
a - Sandblast             Erth           ######       1%          1    None
c - Petrify               Tmut/Erth      #####...     12%         4    ####...
w - Passwall              Tmut/Erth      #####...     1%          2    None
x - Stone Arrow           Conj/Erth      ######       1%          3    ##.....
z - Lee's Rapid Deconstr  Erth           ######....   2%          5    #####..

Your spell library contained the following spells:

 Spells                   Type           Power        Failure   Level  Hunger


Dungeon Overview and Level Annotations

Branches:
Dungeon (9/15)             Temple (0/1) D:6             Orc (0/2) D:9
   Lair: D:8-11

Altars:
Dithmenos
Kikubaaqudgha
Makhleb
Nemelex Xobeh
Okawaru
Ru
Wu Jian
Xom

Shops:
D:5 %[?(   D:6 =?![!   D:9 ?


Innate Abilities, Weirdness & Mutations

You are resistant to damage.
You can heal yourself by infusing magical energy.
You passively map the area around you.
You do not regenerate.


Message History

You don't have enough magic to cast that spell.
A rock wall.
The wall shatters!
The blast of rock fragments hits the yak!!!
You kill the yak!
Makhleb accepts your kill.
The blast of rock fragments hits the yak!!
You hear a roar!
The crimson imp closely misses you. The hungry ghost closely misses you.
A five-headed hydra comes into view.
You now have 0/17 mp.
The five-headed hydra moves out of view.
The crimson imp blinks!
The hungry ghost barely misses you.
You completely miss the yak. The hungry ghost misses you.
The yak gores you but does no damage.
The crimson imp blinks!
Okay, then.
The hungry ghost hits you.
You are feeling hungry.
You completely miss the hungry ghost. The hungry ghost hits you.
You are feeling very hungry.
You whack the hungry ghost! The hungry ghost barely misses you.
You hit the hungry ghost. The hungry ghost hits you.
You are near starving!
You whack the hungry ghost! The hungry ghost hits you.
You feel somewhat more hungry.
You hit the hungry ghost. The hungry ghost hits you.
You are starving!
You whack the hungry ghost!
You eat one of the 10 rations.
That ration really hit the spot!
The five-headed hydra misses you.
The five-headed hydra bites you but does no damage.
The five-headed hydra bites you! The five-headed hydra misses you.
The five-headed hydra barely misses you.
You take 8 damage, and have 64/75 hp.
The mass of ice explodes!
The iceblast engulfs the five-headed hydra!
The five-headed hydra bites you but does no damage. x3
The five-headed hydra bites you. x2
You take 1 damage, and have 63/75 hp.
The mass of ice explodes!
The iceblast engulfs the five-headed hydra!
The five-headed hydra bites you but does no damage.
The five-headed hydra bites you. x2
The five-headed hydra bites you but does no damage.
The five-headed hydra barely misses you.
You take 1 damage, and have 62/75 hp.
The mass of ice explodes!
The iceblast engulfs the yak!
The iceblast engulfs the five-headed hydra!
The five-headed hydra misses you.
The five-headed hydra barely misses you. x2
The five-headed hydra bites you.
The five-headed hydra bites you but does no damage.
The yak gores you but does no damage.
You miss the hungry ghost. The yak gores you! The hungry ghost hits you.
You feel a lot more hungry.
You take 10 damage, and have 52/75 hp.
Your ring mail prevents you from hitting the hungry ghost.
The yak gores you! The hungry ghost hits you.
You are feeling hungry.
You take 10 damage, and have 42/75 hp.
The crimson imp blinks!
Aim: a hungry ghost (almost destroyed)
The blast of sand hits the hungry ghost!!
You destroy the hungry ghost!
Makhleb accepts your kill.
D - 3 stones A rock wall.
The wall shatters!
The blast of rock fragments hits the yak!! x2
You kill the yak!
Makhleb accepts your kill.
You feel better.
Your Conjurations skill increases to level 6!
The blast of rock fragments hits the five-headed hydra!!
You hear a shout!
The five-headed hydra misses you. The five-headed hydra bites you! x2
The five-headed hydra bites you but does no damage.
The five-headed hydra bites you.
You take 12 damage, and have 30/75 hp.
You now have 0/17 mp.
That's the wrong kind of item! (Use * to select it.)
The mass of ice explodes!
The iceblast engulfs the five-headed hydra!
The five-headed hydra barely misses you.
The five-headed hydra closely misses you.
The five-headed hydra bites you but does no damage.
The five-headed hydra bites you!
* * * LOW HITPOINT WARNING * * *
The five-headed hydra barely misses you.
The crimson imp shouts, "Get thee hence, thou feckless muck-plodding joithead!"
You take 8 damage, and have 22/75 hp.
The mass of ice explodes!
The iceblast engulfs the five-headed hydra!
The five-headed hydra bites you!
* * * LOW HITPOINT WARNING * * *
The five-headed hydra closely misses you. x2
The five-headed hydra bites you!
* * * LOW HITPOINT WARNING * * *
The five-headed hydra bites you.
You die...

#.#.#.....###..........#...
, ..#...##.##
#..........#...D ,
#.##.#...####†.........# ,,
, *,
....#..#...##.########## *
..####.#..###.# ,
#.###..#..# #5########## *
##.######.###..........# ,
, , ,
##########.##.YD.......# *
* ................@.....# ,
,* ########..##########..#*
' ########..##### * * .. ,
, ...5............ , , ** *
###............., ,
#............., ,,
##.......<....,... *
#....∩....... ...? ≈
#.......?....
....#########*##


You could see a five-headed hydra, a yak and a crimson imp.

Vanquished Creatures
  A two-headed ogre (D:6)
  Prince Ribbit (D:6)
  A hippogriff (D:9)
  5 yaks (D:9)
  3 hungry ghosts (D:9)
  A sky beast (D:9)
  3 ice beasts
  2 orc warriors (D:6)
  A necrophage (D:9)
  4 phantoms
  2 centaurs
  3 ogres
  2 big kobolds (D:9)
  5 bullfrogs
  6 scorpions
  A troll zombie (D:9)
  6 killer bees (D:8)
  5 wights (D:7)
  A howler monkey (D:4)
  3 crimson imps
  3 jellies
  5 orc priests
  A bullfrog skeleton (D:5)
  3 hounds
  Terence (D:2)
  4 iguanas
  3 orc wizards
  8 worker ants
  4 ogre zombies (D:9)
  A hound skeleton (D:4)
  Robin (D:3)
  2 howler monkey skeletons
  16 adders
  4 gnolls (D:8)
  A shadow imp (D:9)
  2 oozes
  2 adder skeletons
  An adder zombie (D:7)
  3 worms (D:3)
  3 dart slugs
  5 leopard geckos
  40 orcs
  3 giant cockroaches
  13 goblins
  11 hobgoblins
  9 jackals
  3 quokkas
  7 bats
  3 frilled lizards
  A goblin skeleton (D:9)
  3 goblin zombies (D:9)
  3 hobgoblin skeletons (D:9)
  2 hobgoblin zombies (D:9)
  15 kobolds
  3 leopard gecko skeletons
  An orc skeleton (D:9)
  5 orc zombies (D:9)
  6 rats
257 creatures vanquished.

Notes
Turn   | Place    | Note
-------+----------+-------------------------------------------
     0 | D:1      | Irenicus the Deep Dwarf Earth Elementalist began the quest
                  | for the Orb.
     0 | D:1      | Reached XP level 1. HP: 15/15 MP: 3/3
    48 | D:1      | Reached skill level 2 in Spellcasting
    55 | D:1      | Reached XP level 2. HP: 16/22 MP: 0/5
   341 | D:1      | Reached XP level 3. HP: 25/28 MP: 4/6
   526 | D:2      | Reached skill level 5 in Earth Magic
   664 | D:2      | Reached skill level 3 in Spellcasting
   664 | D:2      | Reached XP level 4. HP: 26/36 MP: 5/8
   784 | D:2      | Learned a level 2 spell: Passwall
   872 | D:2      | Reached skill level 6 in Earth Magic
   911 | D:3      | Noticed Terence
   927 | D:2      | Killed Terence
   927 | D:2      | Reached skill level 1 in Armour
   927 | D:2      | Reached XP level 5. HP: 25/42 MP: 0/9
  1039 | D:3      | Reached skill level 2 in Armour
  1148 | D:3      | Found a burning altar of Makhleb.
  1148 | D:3      | Found an iron altar of Okawaru.
  1148 | D:3      | Became a worshipper of Makhleb the Destroyer
  1312 | D:3      | Noticed Robin
  1331 | D:3      | Killed Robin
  1387 | D:3      | Reached * piety under Makhleb
  1599 | D:4      | Reached skill level 3 in Armour
  1599 | D:4      | Reached skill level 7 in Earth Magic
  1599 | D:4      | Reached XP level 6. HP: 12/49 MP: 7/10
  1660 | D:4      | Reached skill level 4 in Armour
  1701 | D:4      | Reached skill level 8 in Earth Magic
  1769 | D:4      | Found a sacrificial altar of Ru.
  1811 | D:4      | Reached XP level 7. HP: 31/55 MP: 4/11
  1925 | D:4      | Reached skill level 9 in Earth Magic
  1976 | D:5      | Entered Level 5 of the Dungeon
  1993 | D:5      | Reached ** piety under Makhleb
  2255 | D:5      | Reached skill level 10 in Earth Magic
  2353 | D:5      | Found Vyataodgh's Food Shop.
  2354 | D:5      | Found Enidwake's Armour Shop.
  2358 | D:5      | Found Ucruwkakh's Magic Scroll Shop.
  2361 | D:5      | Found Gato's Antique Weapon Shop.
  2473 | D:6      | Found Somam's Distillery.
  2484 | D:6      | Reached skill level 11 in Earth Magic
  2484 | D:6      | Reached XP level 8. HP: 62/62 MP: 8/12
  2486 | D:6      | Found Yqoro's Antique Armour Shoppe.
  2504 | D:6      | Found Yreh's Distillery.
  2520 | D:6      | Found a staircase to the Ecumenical Temple.
  2558 | D:6      | Found Quod's Jewellery Shop.
  2585 | D:6      | Found Asahofaafo's Magic Scroll Shoppe.
  2636 | D:6      | Noticed Prince Ribbit
  2642 | D:6      | Killed Prince Ribbit
  2642 | D:6      | Reached skill level 12 in Earth Magic
  2650 | D:6      | Noticed a two-headed ogre
  2660 | D:6      | Learned a level 4 spell: Petrify
  2666 | D:6      | Learned a level 5 spell: Lee's Rapid Deconstruction
  2715 | D:6      | Killed a two-headed ogre
  2715 | D:6      | Reached skill level 4 in Short Blades
  2715 | D:6      | Gained mutation: You passively map the area around you.
                  | [Deep Dwarf growth]
  2715 | D:6      | Reached XP level 9. HP: 65/68 MP: 0/13
  2735 | D:6      | Reached skill level 5 in Short Blades
  2997 | D:7      | Reached skill level 3 in Stealth
  3022 | D:7      | Reached skill level 4 in Stealth
  3083 | D:7      | Reached *** piety under Makhleb
  3253 | D:7      | Learned a level 3 spell: Stone Arrow
  3343 | D:7      | Reached skill level 13 in Earth Magic
  3419 | D:8      | Found an ornate altar of the Wu Jian Council.
  3420 | D:8      | Found a shimmering altar of Xom.
  3422 | D:8      | Found an ancient bone altar of Kikubaaqudgha.
  3422 | D:8      | Found a sparkling altar of Nemelex Xobeh.
  3432 | D:8      | Reached skill level 5 in Stealth
  3432 | D:8      | Reached skill level 4 in Spellcasting
  3568 | D:8      | Reached skill level 6 in Stealth
  3653 | D:8      | Found a shadowy altar of Dithmenos.
  3723 | D:8      | Reached **** piety under Makhleb
  4015 | D:9      | Reached XP level 10. HP: 75/75 MP: 7/17
  4235 | D:9      | Reached skill level 5 in Spellcasting
  4235 | D:9      | Reached skill level 1 in Conjurations
  4266 | D:9      | Found Zuuvuis's Magic Scroll Emporium.
  4287 | D:9      | Reached skill level 7 in Stealth
  4359 | D:9      | Reached skill level 2 in Conjurations
  4411 | D:9      | Found a staircase to the Orcish Mines.
  4432 | D:9      | Identified the +8 whip of Impatience {slash, Stlth+}
  4450 | D:9      | Reached skill level 3 in Conjurations
  4565 | D:9      | Reached ***** piety under Makhleb
  4565 | D:9      | Reached skill level 4 in Conjurations
  4694 | D:9      | Reached skill level 5 in Conjurations
  4705 | D:9      | Noticed a five-headed hydra
  4743 | D:9      | Reached skill level 6 in Conjurations
  4748 | D:9      | HP: 12/75 [five-headed hydra (10)]
  4748 | D:9      | HP: 2/75 [five-headed hydra (10)]
  4748 | D:9      | Slain by a five-headed hydra

Skill      XL: |  1  2  3  4  5  6  7  8  9 10 |
---------------+-------------------------------+-----
Spellcasting   | 2 3 4 5 |  5.0
Earth Magic    | 5 6 7 8 11 12 13 | 13.4
Armour         | 1 3 4 |  4.0
Short Blades   | 4 5 |  5.2
Stealth        | 6 7 |  7.0
Conjurations   | 6 |  6.1
Dodging        | |  2.1
Transmutations | |  0.8

Action                   |  1- 3 |  4- 6 |  7- 9 | 10-12 || total
-------------------------+-------+-------+-------+-------++-------
Melee: Dagger            |    15 |       |   146 |    76 ||   237
       Spear             |    30 |    43 |    20 |       ||    93
       Whip              |       |       |       |    53 ||    53
 Cast: Sandblast         |    21 |    75 |   143 |     7 ||   246
       Passwall          |       |     7 |    10 |       ||    17
       Petrify           |       |       |     3 |       ||     3
       Lee's Rapid Decon |       |       |     2 |     7 ||     9
       Stone Arrow       |       |       |     5 |    24 ||    29
 Abil: Heal Wounds       |     2 |       |       |       ||     2
Evoke: Wand              |       |       |     3 |    13 ||    16
  Use: Scroll            |       |     7 |     5 |     1 ||    13
       Potion            |       |       |       |     1 ||     1
 Stab: Sleeping          |     3 |     3 |     3 |     4 ||    13
       Petrified         |       |       |     5 |       ||     5
  Eat: Chunk             |       |     3 |     8 |     2 ||    13
       Ration            |       |       |       |     6 ||     6
Armor: Robe              |     3 |       |       |       ||     3
       Ring mail         |     2 |    21 |    65 |   115 ||   203
Dodge: Dodged            |    25 |    27 |   111 |   119 ||   282

Levels and vault maps discovered:
D:1:      minmay_arrival_solitary_statue, layout_loops_cross
D:2:      layout_loops_cross, first_ration
D:3:      layout_basic, nicolae_overflow_hidden_temple, uniq_terence, uniq_robin
D:4:      layout_rooms, nicolae_ru_path_of_blood, kennysheep_generic_room_6
D:5:      layout_loops_ring, minmay_misc_feat_pillars, minmay_shop_grid_forest
D:6:      layout_cave_pools, minmay_temple_entry_butterflies, serial_shops,
          shop_fountains, shop, nicolae_shop_stone, shop, shop_scrolls,
          minmay_small_thing, uniq_prince_ribbit1
D:7:      layout_basic
D:8:      layout_loops_ring, chequers_temple_overflow_statue_of_worship,
          grunt_dithmenos_shadows
D:9:      layout_long_grid, zombieorc1_lemuel, special_room [special_room_orc],
          serial_shops, shop, hangedman_ranch [blue_anna_fruit_fields],
          serial_bayou_pond_e, minmay_evil_grid

Table legend:
 A = Turns spent in this place as a percentage of turns spent in the entire game.
 B = Non-inter-level travel turns spent in this place as a percentage of non-inter-level travel turns spent in the entire game.
 C = Inter-level travel turns spent in this place as a percentage of turns spent in this place.
 D = Turns resting spent in this place as a percentage of non-inter-level travel turns spent in this place.
 E = Turns spent auto-exploring this place as a percentage of non-inter-level travel turns spent in this place.
 F = Non-inter-level travel turns spent in this place divided by the number of levels of this place that you've seen.
                   A       B       C       D       E      F
               +-------+-------+-------+-------+-------+----------------------
         Total | 100.0 | 100.0 |   0.0 |   0.0 |   0.0 | 527.6
       Dungeon | 100.0 | 100.0 |   0.0 |   0.0 |   0.0 | 527.6
               +-------+-------+-------+-------+-------+----------------------

Table legend:
 A = Kills in this place as a percentage of kills in entire the game.
 B = Kills by you in this place as a percentage of kills by you in the entire game.
 C = Kills by friends in this place as a percentage of kills by friends in the entire game.
 D = Other kills in this place as a percentage of other kills in the entire game.
 E = Experience gained in this place as a percentage of experience gained in the entire game.
 F = Experience gained in this place divided by the number of levels of this place that you have seen.
                   A       B       C       D       E      F
               +-------+-------+-------+-------+-------+----------------------
         Total | 100.0 | 100.0 |   N/A |   N/A | 100.0 | 978.0
       Dungeon | 100.0 | 100.0 |   N/A |   N/A | 100.0 | 978.0
               +-------+-------+-------+-------+-------+----------------------
